 Dungeon Crawl Stone Soup version 0.31.0-9-g3a7656b989 (webtiles) character file.

Game seed: 9226580899137933929

89 qw the Shooter (level 4, -3/22 HPs)
             Began as a Spriggan Hunter on Feb 3, 2024.
             Slain by Terence
             ... wielding a +0 morningstar
              (12 damage)
             ... on level 3 of the Dungeon.
             The game lasted 00:00:34 (1609 turns).

qw the Shooter (Spriggan Hunter)                    Turns: 1609, Time: 00:00:34

Health: -3/22      AC:  2    Str:  7    XL:     4   Next: 31%
Magic:  5/5        EV: 20    Int: 10    God:
Gold:   82         SH:  0    Dex: 20    Spells: 3/3 levels left

rFire   . . .        a - +1 shortbow (flame)
rCold   . . .        (shield currently unavailable)
rNeg    . . .        c - +0 robe
rPois   .            (helmet restricted)
rElec   .            (no cloak)
rCorr   .            (gloves unavailable)
SInv    +            (boots unavailable)
Will    .....        (no amulet)
Stlth   ++           (no ring)
HPRegen 0.23/turn    (no ring)
MPRegen 0.09/turn

%: no passive effects
@: very quick
A: very small, no large weapons, unfitting armour, see invisible, speed 3
a: no special abilities


You were on level 3 of the Dungeon.
You visited 1 branch of the dungeon, and saw 3 of its levels.

You collected 82 gold pieces.


Innate Abilities, Weirdness & Mutations

You are very small and have problems with some larger weapons.
You are too small for most types of armour.
You have supernaturally acute eyesight. (SInv)
You cover ground extremely quickly. (Speed+++)


   Skills:
 - Level 1.5 Fighting
 - Level 5.0 Ranged Weapons
 + Level 4.7 Dodging
 - Level 1.5 Stealth


You had 3 spell levels left.
You didn't know any spells.
Your spell library was empty.

Inventory:

Hand Weapons
 a - a +1 shortbow of flaming (weapon)
Armour
 c - a +0 robe (worn)
Scrolls
 d - a scroll of teleportation
Potions
 e - a potion of brilliance {unknown}
 f - a potion of heal wounds {unknown}
 g - a potion of haste {unknown}
 h - a potion of mutation {unknown}
 k - a potion of invisibility {unknown}
 l - a potion of curing {unknown}

Dungeon Overview and Level Annotations

Branches:
Dungeon (3/15)

Altars:

Annotations:
D:3 Terence


Message History

Your +0 shortbow of flaming glows red for a moment.
Done exploring.
1586 ||| DROPPING scroll of noise.
You drop a scroll of noise.
Done exploring.
What level of the Dungeon? (default 2, ? - help)
There is a stone staircase leading down here.
You climb downwards.
There is a stone staircase leading up here.
Terence is nearby!
Waypoint 2 assigned to D:3.
You shoot an arrow. The arrow hits Terence.
The arrow burns Terence.
Terence shouts!
Terence is lightly wounded.
Terence misses you.
You shoot an arrow.
The arrow hits Terence but does no damage.
Terence is lightly wounded.
Terence closely misses you.
You shoot an arrow. The arrow barely misses Terence.
Terence hits you with a +0 morningstar!
Ouch! That really hurt!
You shoot an arrow. The arrow closely misses Terence.
Terence completely misses you.
You shoot an arrow. The arrow barely misses Terence.
Terence hits you with a +0 morningstar.
You shoot an arrow. The arrow hits Terence.
The arrow burns Terence.
Terence is heavily wounded.
Terence barely misses you.
You shoot an arrow.
The arrow hits Terence but does no damage.
Terence is heavily wounded.
Terence completely misses you. Terence barely misses you.
You shoot an arrow. The arrow completely misses Terence.
Terence misses you.
You shoot an arrow. The arrow hits Terence.
The arrow burns Terence.
Terence is severely wounded.
Terence hits you with a +0 morningstar!
Ouch! That really hurt!
You die...
Terence says, "Rest in peace."

##.......
........
##......#
##.......##
..........#
#........#
..#.....@.#
.......@..#
..###...#.#
##### #


You could see Terence.

Vanquished Creatures
  2 adders (D:2)
  3 dart slugs
  A ribbon worm (D:2)
  4 ball pythons
  5 bats
  6 endoplasms
  4 giant cockroaches
  5 goblins
  A hobgoblin (D:1)
  10 jackals
  3 kobolds
  3 quokkas
  5 frilled lizards
  5 rats
57 creatures vanquished.

Notes
Turn   | Place    | Note
-------+----------+-------------------------------------------
     0 | D:1      | qw the Spriggan Hunter began the quest for the Orb.
     0 | D:1      | Reached XP level 1. HP: 10/10 MP: 2/2
     0 | D:1      | 0 ||| qw: Version: 0.3-a-155-g5e7d8dd
     0 | D:1      | 0 ||| qw: Game counter: 2890
     0 | D:1      | 0 ||| qw: Melee chars always use a shield: true
     0 | D:1      | 0 ||| qw: God list: Okawaru
     0 | D:1      | 0 ||| qw: Allow faded altars: false
     0 | D:1      | 0 ||| qw: Do Orc after clearing Dungeon:15 true
     0 | D:1      | 0 ||| qw: Do second Lair branch before Depths: true
     0 | D:1      | 0 ||| qw: Lair rune preference: random
     0 | D:1      | 0 ||| qw: Goals: Normal
     0 | D:1      | 0 ||| PLANNING D:1-11
    21 | D:1      | Reached skill level 3 in Dodging
   123 | D:1      | Reached XP level 2. HP: 14/14 MP: 3/3
   436 | D:1      | Reached XP level 3. HP: 18/18 MP: 4/4
   811 | D:1      | 811 ||| READING 2 scrolls labelled EJIYCEO UVENGA.
   817 | D:1      | 817 ||| READING scroll labelled QADUORPH ASATU.
   849 | D:1      | 849 ||| READING scroll labelled BAULOME RAPOTU.
   850 | D:1      | 850 ||| DROPPING scroll of butterflies.
   951 | D:2      | Found a faded altar of an unknown god.
   982 | D:2      | Reached skill level 5 in Ranged Weapons
  1054 | D:2      | Reached XP level 4. HP: 22/22 MP: 5/5
  1582 | D:2      | 1582 ||| READING 2 scrolls labelled ISUAD HUN.
  1583 | D:2      | 1583 ||| READING scroll labelled GEAPSO WENGABB.
  1583 | D:2      | 1583 ||| BRANDING +0 shortbow.
  1584 | D:2      | 1584 ||| READING scroll labelled TIBEIWADIT.
  1585 | D:2      | 1585 ||| READING scroll labelled JESACU AZXEQI.
  1585 | D:2      | 1585 ||| ENCHANTING +0 shortbow of flaming.
  1586 | D:2      | 1586 ||| DROPPING scroll of noise.
  1600 | D:3      | Noticed Terence
  1609 | D:3      | Slain by Terence

Levels and vault maps discovered:
D:1:      ldierk_walled_garden, layout_basic, minmay_gold_behind_fungi
D:2:      layout_basic, shapermc_ecumenical_altar_mp_ritualfount
D:3:      cheibrodos_fertilizer, layout_loops_ring, uniq_terence, uniq_grinder

Skill      XL: |  1  2  3 |
---------------+----------+-----
Dodging        | 3 4 |  4.7
Ranged Weapons | 5 |  5.0
Fighting       | |  1.5
Stealth        | |  1.5

Action                     |  1- 3 |  4- 6 || total
---------------------------+-------+-------++-------
   Fire: Shortbow          |   130 |    40 ||   170
    Use: Scroll            |     3 |     4 ||     7
 Armour: Robe              |     6 |     9 ||    15
  Dodge: Dodged            |    44 |    26 ||    70

Table legend:
 A = Non-vault XP
 B = Vault XP
 C = Vault XP percentage of total XP
 D = Non-vault monster count
 E = Vault monster count
 F = Vault count percentage of total count
                 A         B        C        D         E       F
            +---------+---------+-------+---------+---------+-------
      Total |     128 |       0 |   0.0 |      57 |       0 |   0.0
            +---------+---------+-------+---------+---------+-------
        D:1 |      60 |       0 |   0.0 |      32 |       0 |   0.0
        D:2 |      68 |       0 |   0.0 |      25 |       0 |   0.0
            +---------+---------+-------+---------+---------+-------
